AoeStats
← [GDL] BlairLucky

Nomad

510130380Analyzed
2v2 RM · 2d ago on Sep 29, 2026· 35m 21s· 4 players
Game mode
Random Map
Map size
176×176
Population
200
Speed
Normal
Resources
Standard
Victory
Conquest
Starting age
Dark Age
Ending age
Imperial Age
RankedLock teamsTeams togetherTeam positionsShared explorationLock speedFull tech treeHidden civsTurbo modeCheats
Victory
Defeat
🇺🇸 Vikings · United States
1158
+19
🇵🇪 Spanish · Peru
1124
+20
🇦🇷 Spanish · Argentina
1237
-20
🇦🇷 Wei · Argentina
1216
-19
ppjohnn
5:03 Loom
14:59 Feudal Age
17:51 Gold Mining
19:21 Fishing Lines
22:16 Castle Age
20:49 Padded Archer Armor
21:24 Fletching
22:22 Crossbowman
22:59 Bodkin Arrow
24:40 Double-Bit Axe
27:45 Leather Archer Armor
30:38 Bow Saw
32:17 Forging
32:07 Scale Mail Armor
33:24 Ballistics
36:45 Imperial Age
35:55 Gold Shaft Mining
35:11 Stone Mining
[GDL] BlairLucky
2:57 Loom
12:33 Feudal Age
13:09 Double-Bit Axe
18:36 Castle Age
17:14 Stone Mining
17:46 Padded Archer Armor
18:24 Town Watch
20:52 Bloodlines
26:49 Fletching
29:05 Fishing Lines
30:53 Wheelbarrow
33:40 Imperial Age
31:16 Gillnets
31:45 Gold Mining
31:38 Horse Collar
32:55 Bow Saw
33:52 Fervor
34:48 Bodkin Arrow
35:38 Bracer
juliben94
6:40 Loom
13:35 Feudal Age
19:17 Castle Age
20:18 Fletching
21:02 Padded Archer Armor
24:05 Leather Archer Armor
34:49 Husbandry
35:09 Bloodlines
Lucadichi
15:26 Feudal Age
16:23 Horse Collar
16:30 Double-Bit Axe
19:12 Loom
22:43 Fletching
22:53 Padded Archer Armor
25:07 Castle Age
24:20 Gold Mining
24:40 Fishing Lines
25:45 Fletching
26:30 Thumb Ring
27:38 Elite Skirmisher
29:57 Bodkin Arrow
31:42 Leather Archer Armor
Connection lost

Rejoining the realm…

Still unreachable

The connection could not be restored.

Session expired

The server has moved on; the page needs a fresh start.